Description

First two minutes of HeroMarine's Bronze to GM - The Basic After the initial 2 minutes, push for Marines and Tanks on 2 Base

VOD

https://www.youtube.com/watch?v=ejhJH3VYzog

Build Order

Get SALT Encoding   

  13  0:15  Supply Depot First SCV that comes out rallied to Supply Depot  
  16  0:41  Barracks 1st SCV that finishes SD makes Barracks, then CC  
  16  0:45  Refinery FILL WHEN FINISH  
  19  1:28  Reaper Scout  
  20  1:29  Orbital Command  
  20  1:43  Command Center Make it an Orbital When Finished 50 SCVs  
  20  1:52  Supply Depot  
  21  2:02  Marine  
  23  2:11  Factory  
  23  2:20  Refinery  
  23  2:23  Barracks Reactor Make Marines - Keep em Goin  
  25  2:51  Factory Tech Lab  
  25  3:00  Orbital Command 2nd CC  
  25  3:01  Barracks x2  
  26  3:02  Engineering Bay x2 +1 Inf Weapons, +1 Inf Armor  
  27  3:03  Barracks Tech Lab x2 Make Stimpack, Make Combat Shield  
Spawning Tool Build Advisor. Get it on Overwolf

Go to:

Details

  • Created by: Riku14654
  • Published on: Mar 23, 2025
  • Modified on: Mar 24, 2025
  • Patch: 5.0.11
  • Difficulty: Easy
Show
View Real Time Build Order
Export as new Build Order

Comments (0)

There are no comments. Be the first!

Create an account to comment!